 Dungeon Crawl Stone Soup version 0.30-a0-6-g7c9e10e132 (console) character file.

Game seed: 4426774140926464044

363 odiv the Trooper (level 6, -1/54 HPs)
             Began as a Palentonga Warper on Aug 22, 2022.
             Was a Follower of Okawaru.
             Splashed by a jelly's acid (8 damage)
             ... on level 6 of the Dungeon on Aug 23, 2022.
             The game lasted 00:23:28 (5938 turns).

odiv the Trooper (Palentonga Warper)                Turns: 5938, Time: 00:23:29

Health: -1/54      AC:  0    Str: 17 (18) XL:     6   Next: 39%
Magic:  7/9        EV:  9    Int: 10 (11) God:    Okawaru [*.....]
Gold:   136        SH:  0    Dex:  8 (10) Spells: 7/9 levels left

rFire   . . .      SeeInvis +    a - +0 falchion
rCold   . . .      Faith    .    (no shield)
rNeg    . . .      Spirit   .    b - +0 leather armour
rPois   .          Reflect  .    (no helmet)
rElec   .          Harm     .    n - +0 cloak
rCorr   .          Rampage  .    F - +0 pair of gloves
Will    .....                    (no barding)
Stlth   +.........               (no amulet)
HPRegen 0.18/turn                H - +4 ring of protection
MPRegen 0.11/turn                (no ring)

@: corroded
A: large, rugged brown scales 3, see invisible, deformed body, roll 1, armoured
tail, dopey 1, shaggy fur 1
a: Rolling Charge, Renounce Religion, Heroism


You were on level 6 of the Dungeon.
You worshipped Okawaru.
Okawaru was aware of your devotion.
You visited 1 branch of the dungeon, and saw 6 of its levels.
You also visited: Sewer.

You collected 136 gold pieces.

Inventory:

Hand Weapons
 a - a +0 falchion (weapon)
 c - a +0 dagger of holy wrath
 s - a +0 arbalest
 y - a +0 trident
 A - a +0 quarterstaff
 I - a +0 long sword
Missiles
 d - 7 boomerangs of dispersal
 j - 3 poisoned darts
 v - 23 stones (quivered)
Armour
 b - a +0 leather armour (worn)
 n - a +0 cloak (worn)
 F - a +0 pair of gloves (worn)
Magical Staves
 f - a staff of poison
 w - a staff of conjuration
Jewellery
 m - a ring of fire
 H - a +4 ring of protection (left hand)
Scrolls
 g - 4 scrolls of poison
 i - 2 scrolls of vulnerability {unknown}
 k - a scroll of enchant armour {unknown}
 p - 2 scrolls of amnesia {unknown}
 r - a scroll of fear {unknown}
 u - 2 scrolls of brand weapon
 C - a scroll of immolation
 D - a scroll of magic mapping {unknown}
Potions
 e - 5 potions of curing
 l - 4 potions of invisibility
 o - 4 potions of lignification
 t - a potion of resistance {unknown}
 x - a potion of flight
 z - 2 potions of might
 B - 2 potions of cancellation
 G - a potion of degeneration


   Skills:
 + Level 5.4 Fighting
 - Level 2.0 Long Blades
 - Level 0.6 Throwing
 - Level 0.7 Armour
 - Level 1.5 Dodging
 - Level 2.0 Spellcasting
 - Level 5.0 Translocations
 + Level 0.8 Invocations


You had 7 spell levels left.
You knew the following spells:

 Your Spells              Type           Power      Damage    Failure   Level
b - Blink                 Tloc           22%        N/A       7%          2

Your spell library contained the following spells:

 Spells                   Type           Power      Damage    Failure   Level
 Gell's Gravitas          Tloc           11%        N/A       14%         3
 Lesser Beckoning         Tloc           11%        N/A       14%         3
 Teleport Other           Tloc           11%        N/A       14%         3
 Slow                     Hex            4%         N/A       36%         1
 Ensorcelled Hibernation  Hex/Ice        2%         N/A       50%         2
 Passwall                 Tmut/Erth      0%         N/A       50%         2
 Confusing Touch          Hex            1%         N/A       73%         3
 Swiftness                Air            1%         N/A       73%         3
 Vampiric Draining        Necr           1%         2d6       73%         3
 Manifold Assault         Tloc           11%        N/A       78%         5
 Borgnjor's Revivificati  Necr           0%         N/A       100%        8
 Necromutation            Tmut/Necr      0%         N/A       100%        8
 Death's Door             Necr           0%         N/A       100%        9


Dungeon Overview and Level Annotations

Branches:
Dungeon (6/15)              Sewer (visited)
 Temple: D:4-7

Altars:
Okawaru

Annotations:
D:2 Natasha
D:4 1 runed translucent door, freelancePsychic's ghost, amateur DEDe
D:5 Edmund; Grinder
D:6 Prince Ribbit; Sigmund


Innate Abilities, Weirdness & Mutations

You are completely covered in rugged brown scales. (AC +3, +7% HP)
You have supernaturally acute eyesight. (SInv)
Armour fits poorly on your strangely shaped body.
You can roll at nearby foes to attack.
You have a long armoured tail.
You are dopey. (Int -2)
You are covered in fur. (AC +1)


Message History

Aim: a black bear (wandering, hasn't noticed you, 64% to hit)
You throw a stone. The stone completely misses the orc.
The black bear growls angrily.
The stone hits the jelly but does no damage.
Throw: 24 stones
Press: ? - help, Q - select action, (/) - cycle Shift-Dir - straight line, f/p - black bear
Aim: a black bear (64% to hit)
You throw a stone.
The stone hits the black bear but does no damage.
Unknown command.
You closely miss the orc. You punch the orc.
The orc is moderately wounded.
The orc hits you but does no damage.
You hit the orc but do no damage.
The orc is moderately wounded.
The orc hits you with a +0 club.
You closely miss the orc.
The orc is moderately wounded.
The orc closely misses you.
You closely miss the orc. You tail-slap the orc.
You kill the orc!
Okawaru accepts your kill.
You hit the jelly. The acid corrodes you!
Your hands burn!
The jelly is lightly wounded.
The jelly barely misses you. The jelly hits you. The acid corrodes you!
You are splashed with acid!
The black bear bites you!
* * * LOW HITPOINT WARNING * * *
The black bear claws you.
* * * LOW HITPOINT WARNING * * *
The black bear claws you.
* * * LOW HITPOINT WARNING * * *
Casting: Blink (safe; 7% risk of failure)
Confirm with . or Enter, or press ? or * to list all spells.
You blink.
Found a glaive.
Found an escape hatch in the floor.
You feel stable enough to blink again.
Found 4 stones.
The jelly attacks as you move away! The jelly hits you.
* * * LOW HITPOINT WARNING * * *
The acid corrodes you!
You are splashed with acid!
You die...

#.).......#
###.###...##
#.....#..# .#
#.......### ..
##......... ##.
#h......... #...
#..>.......
##...##J.........
#.....@....).....
...#..............
#.##..n........ ..
.........##. ...
.........##
#..##..#.....##
(...######...##.
...#. #..?.. ##...
.....


You could see a black bear, a necrophage and a jelly.

Vanquished Creatures
  2 necrophages (D:4)
  A jelly (D:5)
  9 adders
  A white imp (D:4)
  An ufetubus (D:4)
  2 worms (D:4)
  3 dart slugs
  An orc (D:6)
  9 ball pythons
  2 bats (D:1)
  8 endoplasms
  8 giant cockroaches
  3 goblins
  10 hobgoblins
  3 jackals (D:3)
  8 kobolds
  12 quokkas
  10 frilled lizards
  12 rats
105 creatures vanquished.

Notes
Turn   | Place    | Note
-------+----------+-------------------------------------------
     0 | D:1      | odiv the Palentonga Warper began the quest for the Orb.
     0 | D:1      | Reached XP level 1. HP: 17/17 MP: 3/3
   359 | D:1      | Reached XP level 2. HP: 23/23 MP: 5/5
   362 | D:1      | Learned a level 2 spell: Blink
   939 | D:1      | Reached XP level 3. HP: 22/28 MP: 6/6
  1595 | D:2      | Noticed Natasha
  2568 | D:2      | Reached XP level 4. HP: 35/35 MP: 7/7
  2625 | D:3      | Reached skill level 5 in Translocations
  2914 | D:3      | Found a glowing drain.
  2929 | Sewer    | Entered a sewer
  3565 | D:3      | Found a faded altar of an unknown god.
  3614 | D:3      | Reached XP level 5. HP: 43/43 MP: 8/8
  3638 | D:3      | Prayed at the altar of an unknown god.
  3638 | D:3      | Became a worshipper of Warmaster Okawaru
  3638 | D:3      | Reached * piety under Okawaru
  4407 | D:4      | Found a runed translucent door.
  4627 | D:4      | Noticed freelancePsychic's ghost (amateur DEDe)
  5102 | D:5      | Entered Level 5 of the Dungeon
  5119 | D:5      | Noticed Edmund
  5355 | D:4      | Reached skill level 5 in Fighting
  5355 | D:4      | Reached XP level 6. HP: 46/53 MP: 4/9
  5703 | D:5      | Noticed Grinder
  5749 | D:6      | Noticed Prince Ribbit
  5754 | D:6      | Noticed a yak
  5754 | D:6      | Noticed an ice beast
  5768 | D:6      | Gained mutation: You are dopey. (Int -2) [potion of
                  | mutation]
  5768 | D:6      | Gained mutation: You are covered in fur. (AC +1) [potion of
                  | mutation]
  5770 | D:6      | Noticed Sigmund
  5938 | D:6      | Splashed by a jelly's acid

Illustrated notes

Levels and vault maps discovered:
D:1:      wander_arrival_estate, layout_loops_corners, minmay_stone_trees_small,
          st_stairs_5
D:2:      layout_loops_ring, serial_glass, glass_columns_c, glass_columns_c,
          uniq_natasha
D:3:      layout_loops_ring, basic_ecumenical_altar, gup_sewer_entry_pipe,
          serial_park_tiny_2, roderic_serpentine_path
D:4:      layout_rooms, ebering_ghost_inner_flame
D:5:      layout_rooms, uniq_edmund, uniq_grinder, uniq_menkaure
D:6:      layout_cave_pools, reono_crystal_passage, uniq_sigmund,
          uniq_prince_ribbit1

Skill      XL: |  1  2  3  4  5 |
---------------+----------------+-----
Translocations | 4 5 |  5.0
Fighting       | 3 5 |  5.4
Long Blades    | |  2.0
Throwing       | |  0.6
Armour         | |  0.7
Dodging        | |  1.5
Spellcasting   | |  2.0
Invocations    | |  0.8

Action                   |  1- 3 |  4- 6 || total
-------------------------+-------+-------++-------
Melee: Falchion          |   156 |   204 ||   360
       Tailslap          |    15 |    34 ||    49
       Punch             |       |     4 ||     4
       Dagger            |       |    32 ||    32
 Fire: Arbalest          |     1 |     4 ||     5
Throw: Dart              |     3 |    26 ||    29
       Stone             |       |    10 ||    10
 Cast: Blink             |     5 |    16 ||    21
Invok: Heroism           |       |     1 ||     1
 Abil: Rolling Charge    |    40 |    39 ||    79
  Use: Scroll            |     4 |     8 ||    12
       Potion            |       |     4 ||     4
 Stab: Sleeping          |       |     1 ||     1
Armor: Leather armour    |    56 |    94 ||   150
Dodge: Dodged            |    75 |   127 ||   202

Table legend: (Time is in decaauts)
 A = Elapsed time spent in this place.
 B = Non-inter-level travel time spent in this place.
 C = Inter-level travel time spent in this place.
 D = Time resting spent in this place.
 E = Time spent auto-exploring this place.
 F = Levels seen in this place.
 G = Mean time per level.
                   A        B        C        D        E       F      G
               +--------+--------+--------+--------+--------+-----+--------+
         Total |   6072 |   5750 |    322 |   1806 |   2269 |   7 |  867.4 |
       Dungeon |   5535 |   5213 |    322 |   1710 |   2132 |   6 |  922.5 |
         Sewer |    537 |    537 |      0 |     96 |    136 |   1 |  537.0 |
               +--------+--------+--------+--------+--------+-----+--------+

Top non-repeatable levels by time:
     D:1: 1952 daAuts
     D:4: 1377 daAuts
     D:3: 1103 daAuts
     D:2: 710 daAuts
   Sewer: 537 daAuts
     D:5: 217 daAuts
     D:6: 173 daAuts
